AoeStats
← Gorlami

Nomad

506156679Analyzed
4v4 RM · 18d ago on Sep 12, 2026· 42m 13s· 8 players
Game mode
Random Map
Map size
231×231
Population
200
Speed
Normal
Resources
Standard
Victory
Conquest
Starting age
Dark Age
Ending age
Imperial Age
RankedLock teamsTeams togetherTeam positionsShared explorationLock speedFull tech treeHidden civsTurbo modeCheats
Victory
Defeat
🇨🇳 Bulgarians · China
1718
+11
🇬🇧 Aztecs · United Kingdom
1654
+14
🇧🇪 Huns · Belgium
1650
+14
🇨🇳 Malians · China
1598
+16
🇦🇷 Goths · Argentina
1777
-20
🇦🇷 Portuguese · Argentina
1713
-18
🇵🇪 Slavs · Peru
1498
-10
🇦🇷 Byzantines · Argentina
1415
-7
JustAGecko
5:44 Loom
13:03 Feudal Age
14:42 Town Watch
17:16 Castle Age
16:12 Gold Mining
16:31 Double-Bit Axe
18:12 Bow Saw
19:11 Sanctity
21:28 Fervor
23:36 Redemption
27:38 Atonement
27:36 Herbal Medicine
29:00 Devotion
39:08 Pikeman
39:49 Squires
Allen
5:50 Loom
13:51 Feudal Age
18:01 Castle Age
15:56 Stone Mining
16:49 Double-Bit Axe
19:04 Scale Mail Armor
29:49 Chain Mail Armor
35:23 Wheelbarrow
39:54 Imperial Age
38:56 Scale Barding Armor
39:46 Bow Saw
40:29 Chain Barding Armor
39:59 Light Cavalry
42:13 Bloodlines
42:46 Plate Barding Armor
AOKI_Caféglacé
6:59 Loom
12:43 Feudal Age
15:44 Double-Bit Axe
21:23 Horse Collar
25:04 Castle Age
24:33 Gold Mining
27:56 Bow Saw
28:00 Heavy Plow
31:32 Wheelbarrow
34:47 Forging
34:43 Scale Barding Armor
35:33 Bloodlines
36:03 Iron Casting
38:20 Imperial Age
36:14 Husbandry
37:14 Chain Barding Armor
38:43 Cavalier
40:25 Blast Furnace
40:01 Plate Barding Armor
40:47 Hand Cart
OX
5:21 Loom
13:39 Feudal Age
17:22 Castle Age
15:19 Double-Bit Axe
16:38 Town Watch
17:28 Wheelbarrow
19:18 Bow Saw
19:49 Wheelbarrow
19:55 Medium Warships
23:02 Fishing Lines
23:56 Horse Collar
24:13 Gillnets
26:20 Heavy Plow
27:43 Gold Mining
27:44 Stone Mining
28:29 Clinker Construction
30:00 Scale Barding Armor
32:38 Squires
33:22 Gold Shaft Mining
33:23 Stone Shaft Mining
33:26 Scale Mail Armor
36:23 Imperial Age
34:20 Chain Mail Armor
35:03 Forging
36:40 Iron Casting
37:39 Plate Mail Armor
40:22 Blast Furnace
39:08 Gambesons
41:32 Husbandry
41:42 Bloodlines
42:21 Conscription
ElTitanSargeras
4:44 Loom
13:50 Feudal Age
17:37 Castle Age
18:30 Double-Bit Axe
22:59 Light Cavalry
24:04 Husbandry
38:04 Scale Barding Armor
39:26 Chain Barding Armor
43:10 Wheelbarrow
B.R D10Sito
10:08 Loom
14:20 Feudal Age
17:41 Fishing Lines
24:13 Castle Age
22:52 Double-Bit Axe
22:53 Horse Collar
23:11 Gold Mining
33:48 Wheelbarrow
34:20 Bow Saw
35:02 Hand Cart
37:29 Gold Shaft Mining
36:44 Stone Mining
41:24 Imperial Age
39:41 Pikeman
40:21 Squires
40:53 Scale Mail Armor
41:03 Forging
42:06 Chain Mail Armor
41:32 Halberdier
43:14 Chemistry
Gorlami
4:33 Loom
13:33 Feudal Age
17:28 Castle Age
18:35 Double-Bit Axe
19:34 Bow Saw
21:05 Horse Collar
24:21 Wheelbarrow
25:07 Heavy Plow
26:30 Scale Mail Armor
28:02 Squires
29:06 Pikeman
35:36 Chain Mail Armor
36:27 Forging
38:09 Devotion
38:05 Murder Holes
38:16 Fletching
39:00 Bodkin Arrow
Lic. VELEZ Y VINO
7:51 Loom
12:39 Feudal Age
16:20 Castle Age
15:19 Double-Bit Axe
17:48 Bow Saw
20:15 Medium Warships
22:50 Gold Mining
23:24 Fishing Lines
29:28 Imperial Age
33:20 Chemistry
34:02 Wheelbarrow
35:10 Ballistics
37:00 Conscription
40:32 Scale Mail Armor
41:09 Pikeman
Connection lost

Rejoining the realm…

Still unreachable

The connection could not be restored.

Session expired

The server has moved on; the page needs a fresh start.